Cogmind - Beta 10.2 @@@ ROGUE MODE // 2022.02.15 @ 09:58:43 Player: Conner Result: Destroyed by YI-UF0 with YI-UF0's Doublenader Performance ------------- Evolutions (0) 0 Regions Visited (2) 400 Robots Destroyed (11) 55 Value Destroyed (238) 238 Prototype IDs (0) 0 Alien Tech Used (0) 0 Bonus (0) 0 TOTAL SCORE: 693 Bonus ------- None Cogmind --------- Core Integrity 0/250 Matter 271/300 Energy 99/100 System Corruption 0% Temperature Cool (0) Movement Core (300) Ox5 Location -10/Mines Parts ------- > --- POWER (1) -------- (None) > --- PROPULSION (2) --- (None) > --- UTILITY (2) ------ Large Storage Unit Improved Signal Interpreter > --- WEAPON (2) ------- (None) > --- INVENTORY (10) --- Ion Engine Ion Engine Cryofiber Web Large Storage Unit Sensor Array Improved Signal Interpreter Weapon Shielding Improved Light Armor Plating Peak State ------------ > --- POWER ------------ Ion Engine > --- PROPULSION ------- Compact Wheel > --- UTILITY ---------- Large Storage Unit Improved Signal Interpreter > --- WEAPON ----------- Shock Rifle Assault Rifle > --- INVENTORY -------- Ion Engine Ion Engine Ion Engine Cryofiber Web Large Storage Unit Sensor Array Improved Signal Interpreter Weapon Shielding Improved Light Armor Plating [Rating: 10] Favorites ----------- Power Ion Engine Engine Ion Engine Propulsion Compact Wheel Wheel Compact Wheel Utility Improved Signal Interpreter Device Sensor Array Storage Large Storage Unit Processor Improved Signal Interpreter Weapon Assault Rifle Energy Gun Small Laser Ballistic Gun Assault Rifle Launcher Grenade Launcher Build | -11 -10 -10 ------- Run | Scr Mat Min Slots Evolved . | . . . Power . | . . . Propulsion . | . . . Utility . | . . . Weapon . | . . . Parts Attached 22 | 7 12 3 Power 3 | 1 1 1 Engine 3 | 1 1 1 Core . | . . . Reactor . | . . . Propulsion 3 | 2 1 . Treads . | . . . Leg . | . . . Wheel 3 | 2 1 . Hover . | . . . Flight . | . . . Utility 7 | 1 6 . Device 3 | . 3 . Storage 2 | 1 1 . Processor 2 | . 2 . Hackware . | . . . Protection . | . . . Artifact . | . . . Weapon 9 | 3 4 2 Energy Gun 2 | . 1 1 Energy Cannon . | . . . Ballistic Gun 6 | 3 3 . Ballistic Cannon . | . . . Launcher 1 | . . 1 Special Weapon . | . . . Impact Weapon . | . . . Slashing Weapon . | . . . Piercing Weapon . | . . . Special Melee Weapon . | . . . Unidentified Prototypes . | . . . Parts Lost 8 | . 1 7 Power 2 | . . 2 Propulsion 2 | . . 2 Utility . | . . . Weapon 4 | . 1 3 Highest Loss Streak 7 | . 1 7 Average Slot Usage (%) 94 | . 95 94 Engine 13 | . 14 13 Wheel 26 | . 27 24 Device 7 | . 10 . Storage 4 | . 1 14 Processor 13 | . 13 14 Energy Gun 5 | . 6 2 Ballistic Gun 19 | . 20 14 Launcher 2 | . . 10 Naked Turns . | . . . Heaviest Build 26 | 12 24 26 Greatest Support 26 | 26 26 26 Greatest Overweight (x) 6 | . . 6 Average Overweight (x) . | . . . Largest Inventory Capacity 10 | 6 10 10 Average Capacity 5 | 4 4 10 Most Carried 10 | 2 7 10 Average Carried 5 | 1 4 9 Final Capacity 10 | 4 10 10 Final Carried 8 | 2 7 8 Class Distribution -------------------- 100% | Mutant Dominant Class ---------------- Mutant | -10/Materials Mutant | -10/Mines Resources | -11 -10 -10 ----------- Run | Scr Mat Min Matter Collected 492 | 252 220 20 Remotely . | . . . Salvage Created 333 | . 326 7 Parts 29 | . 26 3 Haulers Intercepted 1 | . 1 . Recyclers Shooed 1 | . 1 . Parts Field Recycled . | . . . Retrieved Matter . | . . . Parts Self-Destructed . | . . . Prevented . | . . . Kills | -11 -10 -10 ------- Run | Scr Mat Min Combat Hostiles Destroyed 7 | . 7 . Guns 7 | . 7 . Classes Destroyed 5 | . 4 1 Worker 1 | . . 1 Hauler 1 | . 1 . Watcher 2 | . 2 . Swarmer 2 | . 2 . Grunt 5 | . 5 . Best Kill Streak 4 | . 4 1 Combat Bots Only 3 | . 3 . Max Kills in Single Turn 1 | . 1 1 Gunslinging . | . . . Exploded . | . . . Melee . | . . . Uniques/NPCs Destroyed . | . . . Combat | -11 -10 -10 -------- Run | Scr Mat Min Damage Taken 1029 | . 382 647 Core 260 | . 74 186 Absorbed by Shields . | . . . Core Remaining (%) 100 | 100 . . Volleys Fired 34 | . 26 8 Largest 2 | . 2 2 Hottest 70 | . 60 70 Shots Fired 67 | . 51 16 Gun 65 | . 51 14 Cannon . | . . . Launcher 2 | . . 2 Special . | . . . Kinetic 53 | . 45 8 Thermal 6 | . 6 . Explosive 2 | . . 2 Electromagnetic 6 | . . 6 Robot Hit Streak 17 | . 17 7 Robot Miss Streak 4 | . 4 2 Penetration Max . | . . . Secondary Targets 1 | . 1 . Max Gunslinging Chain 1 | . 1 . Shots Hit Robots 44 | . 31 13 Core Hits 19 | . 17 2 Critical Hits . | . . . Critical Kills . | . . . Critical Parts Destroyed . | . . . Melee Attacks . | . . . Impact . | . . . Slashing . | . . . Piercing . | . . . Sneak Attacks . | . . . Combat Hostiles . | . . . Follow-up Attacks . | . . . Damage Inflicted 638 | . 391 247 Guns 543 | . 391 152 Cannons . | . . . Explosions 95 | . . 95 Melee . | . . . Ramming . | . . . Kinetic 441 | . 347 94 Thermal 101 | . 44 57 Explosive 38 | . . 38 Electromagnetic 58 | . . 58 Impact . | . . . Slashing . | . . . Piercing . | . . . Highest Corruption . | . . . Average Corruption . | . . . Corruption Purged . | . . . Overload Shots . | . . . Overflow Damage . | . . . Projectiles . | . . . Explosions . | . . . Melee . | . . . Knockbacks . | . . . Impact . | . . . Kinetic . | . . . Secondary . | . . . Self-Inflicted Damage . | . . . Shots . | . . . Rammed . | . . . Targets Rammed . | . . . Kicked . | . . . Crushed . | . . . Highest Temperature 39 | . 39 27 Average Temperature 18 | . 21 11 Received Heat Transfer 189 | . 189 . Siege Activations . | . . . Robots Corrupted . | . . . Combat Hostiles . | . . . Parts Fried . | . . . Impact Corruptions . | . . . Robots Melted . | . . . Combat Hostiles . | . . . Parts Melted . | . . . Heat Transferred 150 | . 100 50 Parts Sabotaged . | . . . Parts Stolen . | . . . Parts Stripped . | . . . Power Chain Reactions 1 | . . 1 Missiles Intercepted . | . . . Alert | -11 -10 -10 ------- Run | Scr Mat Min Peak Influence 287 | . 287 39 Initial 34 | . . 34 Average 97 | . 130 29 Maximum Alert Level 1 | . 1 . Low Security (%) 89 | 100 84 100 Level 1 10 | . 15 . Level 2 . | . . . Level 3 . | . . . Level 4 . | . . . Level 5 . | . . . High Security . | . . . Max Security . | . . . Squads Dispatched 3 | . 2 1 Investigation 2 | . 1 1 Extermination . | . . . Reinforcement 1 | . 1 . Assault . | . . . Garrison . | . . . Intercept . | . . . Construction Impeded . | . . . Haulers Reinforced . | . . . Stealth | -11 -10 -10 --------- Run | Scr Mat Min Distress Signals . | . . . Communications Jammed . | . . . Distress Signals . | . . . Times Spotted 14 | . 13 1 Peak Tracking Total 5 | . 5 1 Tactical Retreats 2 | . 2 . Traps | -11 -10 -10 ------- Run | Scr Mat Min Traps Triggered 2 | . 2 . Indirectly . | . . . Trap Hack Attempts . | . . . Triggered . | . . . Disarmed . | . . . Reprogrammed . | . . . Reused . | . . . Traps Extracted . | . . . Installed . | . . . Triggered . | . . . Machines | -11 -10 -10 ---------- Run | Scr Mat Min Machines Disabled . | . . . Max in Single Turn . | . . . Machines Sabotaged . | . . . Garrisons Compromised . | . . . Overloaded Fab Kills . | . . . Fab Network Shutdowns . | . . . Hacking | -11 -10 -10 --------- Run | Scr Mat Min Machines Accessed 9 | . 8 1 Terminals 7 | . 7 . Fabricators . | . . . Repair Stations 1 | . 1 . Recycling Units . | . . . Scanalyzers . | . . . Garrison Access . | . . . Total Hacks 24 | . 23 1 Successful 15 | . 14 1 Failed 9 | . 9 . Catastrophic 1 | . 1 . Database Lockouts . | . . . Manual 13 | . 13 . Terminals 19 | . 19 . Fabricators . | . . . Repair Stations 4 | . 4 . Recycling Units . | . . . Scanalyzers . | . . . Garrison Access . | . . . Terminal Hacks 5 | . 4 1 Open Door 1 | . . 1 Terminal Index 1 | . 1 . Alert Level 3 | . 3 . Fabricator Hacks . | . . . Repair Station Hacks 4 | . 4 . Scan Component 2 | . 2 . Repair 2 | . 2 . Recycling Unit Hacks . | . . . Scanalyzer . | . . . Garrison Access Hacks . | . . . Unauthorized Hacks 6 | . 6 . Terminals 6 | . 6 . Botnet 5 | . 5 . Operators 1 | . 1 . Fabricators . | . . . Repair Stations . | . . . Recycling Units . | . . . Scanalyzers . | . . . Garrison Access . | . . . Data Cores Recovered . | . . . Used . | . . . Hacking Detections 7 | . 7 . Full Trace Events . | . . . Feedback Events . | . . . Feedback Blocked . | . . . Robot Schematics Acquired . | . . . Robots Built . | . . . Matter . | . . . Time . | . . . Total Robot Build Rating . | . . . Part Schematics Acquired . | . . . Parts Built . | . . . Matter . | . . . Time . | . . . Total Part Build Rating . | . . . Parts Repaired 2 | . 2 . Time 52 | . 52 . Parts Recycled . | . . . Recycled Matter . | . . . Retrieved Matter . | . . . Retrieved Components . | . . . Parts Scanalyzed . | . . . Part Schematics Acquired . | . . . Parts Damaged . | . . . Bothacking | -11 -10 -10 ------------ Run | Scr Mat Min Used RIF Installer . | . . . Robots Hacked . | . . . Non-combat . | . . . Combat . | . . . Robot Hacks Applied . | . . . Relay Couplers Released . | . . . Robots Rewired . | . . . Allies Hacked . | . . . Hacks Repelled . | . . . Allies | -11 -10 -10 -------- Run | Scr Mat Min Total Allies . | . . . Largest Group . | . . . Highest-Rated Group . | . . . Highest-Rated Ally . | . . . Total Orders . | . . . Ally Attacks . | . . . Total Damage . | . . . Kills . | . . . Allies Corrupted . | . . . Allies Melted . | . . . Intel | -11 -10 -10 ------- Run | Scr Mat Min Robot Analysis Total . | . . . Derelict Logs Recovered 1 | . . 1 Drone Launches . | . . . Drone Recoveries . | . . . Exploration | -11 -10 -10 ------------- Run | Scr Mat Min Turns Passed 848 | 56 590 202 Spaces Moved 698 | 43 483 172 Core 4 | 1 . 3 Treads . | . . . Legs . | . . . Wheels 694 | 42 483 169 Hover . | . . . Flight . | . . . Fastest Speed 50 | 50 90 90 Average Speed 90 | 88 90 94 Slowest Speed 350 | 90 90 350 Overloaded Moves . | . . . Propulsion Burnouts . | . . . Robots Hopped . | . . . Cave-ins Triggered . | . . . Exploration Rate (%) 35 | 3 71 31 Regions Visited 2 Branch Regions 1 Pre-discovered Areas . | . . . Known Exits Taken 1 | . 1 . Unknown Exits Taken 1 | 1 . . Scrap Searched . | . . . Spaces Dug . | . . . Terrain Destroyed 15 | . . 15 Melee . | . . . Projectile . | . . . AOE 15 | . . 15 Terrain Rammed . | . . . Walls Destroyed . | . . . Machines Disabled . | . . . Actions | -11 -10 -10 --------- Run | Scr Mat Min Total 854 | 57 594 203 Wait 68 | 6 55 7 Move 696 | 42 482 172 Hop . | . . . Pick Up 19 | 1 10 8 Fast Attach 11 | 6 5 . Attach 3 | . 1 2 Detach . | . . . Swap 8 | 1 6 1 Drop 15 | 1 9 5 Fire 34 | . 26 8 Melee . | . . . Ram . | . . . Kick . | . . . Crush . | . . . Escape Stasis . | . . . Rewire . | . . . Trap . | . . . Miscellaneous . | . . . Route ------- -11/Scrapyard -10/Materials (discovered 4 exits: *Mat x2 / *Min x2) -10/Mines History --------- Turn | Location | Event 17 | -11/Scrapyard | Discovered new exit (range 15) 57 | -11/Scrapyard | Entered Materials 128 | -10/Materials | Discovered new exit (range 7) 148 | -10/Materials | Identified exit to Mines 234 | -10/Materials | Discovered exit to Mines (range 7) 267 | -10/Materials | Discovered new exit (range 11) 304 | -10/Materials | Build established: Mutant 440 | -10/Materials | Discovered new exit (range 7) 445 | -10/Materials | Identified exit to Materials 481 | -10/Materials | Repaired Assault Rifle 508 | -10/Materials | Repaired Wheel 647 | -10/Materials | Entered Mines 654 | -10/Mines | YI-UF0 nonchalantly dropped a Grenade Launcher on the ground 679 | -10/Mines | Found a hidden stash of uninstalled traps 736 | -10/Mines | Learned 8 Materials zone layouts 739 | -10/Mines | Met a Derelict shopkeep closing up shop 827 | -10/Mines | Core integrity fell below 50% 846 | -10/Mines | Core integrity fell below 20% 849 | -10/Mines | Destroyed by YI-UF0 with YI-UF0's Doublenader Last Messages --------------- 00819_ Grenade Launcher destroyed. 00822_ R-06 Scavenger destroyed. 00824_ The unstable cave ceiling collapses. 00826_ R-06 Scavenger collects Wheel. 00827_ YI-UF0 mumbles something. 00827_ U-05 Engineer lays Concrete. 00828_ Com. Wheel destroyed. 00828_ Ion Engine destroyed. 00833_ Destroyed Shock Absorption System. 00835_ The unstable cave ceiling collapses. 00839_ Chain reaction triggered in Imp. Deuterium Engine. 00839_ Shock Rifle destroyed. 00840_ The unstable cave ceiling collapses. 00841_ YI-UF0 mumbles something. 00841_ Assault Rifle destroyed. 00842_ The unstable cave ceiling collapses. 00844_ K-01 Serf collects debris. 00845_ The unstable cave ceiling collapses. 00846_ K-01 Serf collects debris. 00847_ Ion Engine destroyed. Map ----- +----------------------------------------------------+ | ?????????????????????????????????????????????????? | | ??????????????????????###????????????????????????? | | ????????????????????## ##???????????????????????? | | ????????????######## #???????????????????????? | | ???????????##""## #???????????????????????? | | ???????????#" # #????????????????????????? | | ???????????#" [ #??????????????????????????? | | ???????????#"&[ ##??????????????????????????? | | ???????????#"!]&#X ##??????????????????????????? | | ???????????##""## ##?????????????????????????? | | ????????????#### #???### ??????????????????? | | ??????????????## #?## ????????????????? | | ?????????????## ##? #???????????????? | | ????????????## ##?? ????????????????? | | ???????????## #??? ?????????????????? | | ???????????# ?## #?????????????????? | | ???????????# ## ??????????????????? | | ???????????## # # ???????????????????? | | "???????????# # #????????????????????? | | "???????????# ## #?????????????????????? | | "???????????# ### #?????????????????????? | | ######## ## ##????????????????????? | | #??# #????????????????????? | | #??# #????????????????????? | | #??# ##### #????????#???????????? | | #??# #???### @ ##### #??????????? | | #??# ##????## % #?????????? | | #??# #?????##### g """ u ??????? | | #?## & #?????##### ## """ ?????????????? | | ### ##?????# ###? """ ?????????????? | | ## ##??????# ##???? ?????????????? | | # ##???????# #?????? ## $????????????? | | #?????# ## #???????#?? #???????????? | | ## #? # ##### ##??????????? ???????????? | | ?## # #?###????????????????????????? | | #?## ## ##????????????????????????????? | | #??####### # ??????????????????????????????? | | #????????####### ??????????????????????????????? | | #?????????????? #??????????????????????????????? | | ?????????????? ???????????????????????????????? | | ?????????????? ???????????????????????????????? | | ????????????? ???????????????????????????????? | | ????????????## #???????????????????????????????? | | ????????????? ????????????????????????????????? | | ??????????????? ????????????????????????????????? | | ?????????????????????????????????????????????????? | | ?????????????????????????????????????????????????? | | ?????????????????????????????????????????????????? | | ????????????????????????????????????????????????? | | #????????????????????????????????????????????????? | +----------------------------------------------------+ Best States ------------- Heat Dissipation 35 Energy Generation 10 Energy Capacity 250 Matter Stores 300 Matter Capacity 300 Sight Range 16 Robot Scan Range 10 Terrain Scan Density 10 Evasion (%) 42 Item Schematics ----------------- None Robot Schematics ------------------ None Fabricated ------------ Nothing Alien Tech Used ----------------- None Achievements -------------- None Challenges ------------ None Game ------ Seed RecyclingModifiedDiverter Manual? 0 Play Time 00:09:10 Cumulative 45.0 hours Start 2022.02.15 @ 09:51:36 End 2022.02.15 @ 09:58:43 Sessions 1 Manual Loads 0 Difficulty Rogue Special Mode None Game No. 77 Rogue 77 Adventurer 0 Explorer 0 Win Type - Total 0 Types 0/0/0/0/0/0/0/0/0 Lore% 52 Gallery% 51 Achievement% 41 Wizard Run 0 Options --------- ASCII 0 Keyboard 0 Movement Numpad Keybinds 0 Fullscreen 1 Font 24/Smallcaps Map View 76x50 Tactical HUD 1 Map Filters NONE Filters NONE Steam 1 RUN: f1a1f436-cbde-4fcf-b111-186be8b46092